cohdb
Replays
Latest Replays
All Replays
Popular Replays
Top Player Replays
Match Explorer
How It Works
Community
CoH3 Stats
Reddit
Sign in to upload your games and track your stats! →
Sign in with Steam
Match 43647056
Unlisted
Match 43647056
Overview
Messages
Build Orders
End
Panzergrenadier Squad
Selects Panzerjäger Kommand Battlegroup
Selects Mine Fields
250 Light Carrier
Panzergrenadier Squad
Construct Light Support Kompanie
Assault Grenadier Squad
Fire Support Elements
Flakvierling Half-track
Selects Defensive Positions
Panzerjäger Mechanized Group
Selects Tank Busters
Veteran Squad Leaders
2.5-tonne Medical Truck
AI Takeover
PutPut-AusarTheVile
deceiv3r
Symbiosis
CAuMOH
0
0
Comments
sign in to comment!
No comments posted yet!